 Dungeon Sprint DCSS version 0.20-a0-640-g62ed22f (webtiles) character file.

0 esc the Shield-Bearer (level 1, 0/16 HPs)
             Began as a Vine Stalker Fighter on Feb 12, 2017.
             Slain by a worker ant (1 damage)
             ... in the Dungeon (Sprint VI: "Thunderdome").
             The game lasted 00:00:46 (34 turns).

esc the Shield-Bearer (Vine Stalker Fighter)          Turns: 34, Time: 00:00:47

Health: 0/16       AC:  6    Str: 23    XL:     1   Next: 20%
Magic:  0/2        EV:  7    Int:  8    God:
Gold:   200        SH:  9    Dex: 13    Spells: 0/0 levels left

rFire    . . .     SeeInvis .   a - +0 rapier
rCold    . . .     Gourm    .   b - +0 scale mail
rNeg     . . .     Faith    .   c - +0 shield
rPois    .         Spirit   +   (no helmet)
rElec    .         Reflect  .   (no cloak)
rCorr    .         Harm     .   (no gloves)
MR       .....     NoTele   +   (no boots)
Stlth    ..........             (no amulet)
Regen    0.1/turn               (no ring)
MPRegen  0.1/turn               (no ring)

@: berserking, very quick
A: fangs 2, magic shield, antimagic bite, no potion heal 3, rot immunity
a: no special abilities


You were in the Dungeon.
You were not hungry.

You visited 1 branch You collected 200 gold pieces.

Inventory:

Hand Weapons
 a - a +0 rapier (weapon)
Armour
 b - a +0 scale mail (worn)
 c - a +0 shield (worn)
Wands
 l - a wand of acid (5/15)
   (You found it in the Dungeon)
 m - a wand of iceblast (5/15)
   (You found it in the Dungeon)
Scrolls
 k - 4 scrolls of blinking {!r}
 n - 3 scrolls of fog
Potions
 d - a potion of might
 e - a potion of curing
 g - 4 potions of heal wounds
 h - 4 potions of haste
 i - 2 potions of magic
 o - a potion of resistance
Comestibles
 f - a bread ration {@e1}


   Skills:
 + Level 2.7 Fighting
 + Level 2.0 Short Blades
 + Level 2.5 Armour
 + Level 0.5 Dodging
 + Level 2.9 Shields


You couldn't memorise any spells.
You didn't know any spells.

Dungeon Overview and Level Annotations

Branches:
Dungeon (1/1)

Altars:
Cheibriados
Fedhas
Gozag
Okawaru
Qazlal
Ru
Trog
Uskayaw
Vehumet
Xom
Yredelemnul
The Shining One
Beogh
Jiyva
Lugonu

Shops:
D %?**[(!!!!

Annotations:
D Jessica


Innate Abilities, Weirdness & Mutations

You have extremely sharp teeth.
When hurt, damage is shared between your health and your magic reserves.
Your bite disrupts and absorbs the magic of your enemies.
Potions cannot restore your health.
You are immune to rotting.


Message History

You have entered the arena!
You will win if you kill everything that spawns (including allies).
If it is a boss round, you only need to kill the boss in order to win.
If it is a lightning round, you only need to survive!
Welcome, esc the Vine Stalker Fighter.
Found 200 gold pieces.
Found a staircase leading out of the dungeon.
l - a wand of acid (5/15);
m - a wand of iceblast (5/15)
k - 4 scrolls of blinking {!r} (gained 3)
n - 3 scrolls of fog;
h - 4 potions of haste (gained 3)
g - 4 potions of heal wounds (gained 3);
o - a potion of resistance You now have 200 gold pieces.
Okay, then.
Found a radiant altar of Vehumet and a blossoming altar of Fedhas.
Found a shimmering altar of Xom and a glowing golden altar of the Shining One.
Get ready!
Found a basalt altar of Yredelemnul and a hide-covered altar of Uskayaw.
Found Afericuj's Identification Station and Siud Zafy's Bee Food.
Found an opulent altar of Gozag and an iron altar of Okawaru.
ROUND 1!
FIGHT!
Found Icuagg's Premium Goods and Guynk's Weapon Rack.
Found a viscous altar of Jiyva and a bloodstained altar of Trog.
Found Pethoiw's Miscellaneous Merchandise and Aphoshrakku's Basic Armour.
A frilled lizard comes into view.
The frilled lizard hisses angrily.
You miss the frilled lizard. Your bite misses the frilled lizard.
The frilled lizard bites you but does no damage.
You closely miss the frilled lizard. Your bite misses the frilled lizard.
The frilled lizard bites you.
You take 1 damage, and have 10/11 hp.
You hit the frilled lizard.
You kill the frilled lizard!
Found a sacrificial altar of Ru.
Found Ypseufebb's Do-It-Yourself Clinic and Bauthihe's Bottled Wisdom.
Found a corrupted altar of Lugonu.
Found Peohipn's Distillery.
Found Ahiden's Distillery.
Found three altars.
A worker ant comes into view.
The worker ant twitches its antennae in your direction.
A frilled lizard comes into view.
The frilled lizard hisses angrily.
There is an entrance to Bauthihe's Bottled Wisdom here.
You miss the frilled lizard. You bite the frilled lizard. You drain its power.
You kill the frilled lizard!
Your Short Blades skill increases to level 2!
You hit the worker ant.
The worker ant bites you but does no damage. x2
You closely miss the worker ant. You block the worker ant's attack.
You hit the worker ant but do no damage.
You bite the worker ant. You drain its power.
You block the worker ant's attack. The worker ant completely misses you.
Jessica the Apprentice Sorceress comes into view.
She is wielding a dagger.
You barely miss the worker ant.
The worker ant bites you but does no damage.
You barely miss the worker ant. The worker ant barely misses you.
You block the worker ant's attack.
You hit the worker ant. You bite the worker ant. You drain its power.
You block the worker ant's attack.
Health restored: 11 You hit the worker ant but do no damage.
The worker ant bites you. The worker ant barely misses you.
You take 4 damage, and have 7/11 hp.
MASSIVE DAMAGE!!
You now have 1/2 mp.
You hit the worker ant but do no damage.
Jessica mumbles some strange words.
Jessica blinks!
The worker ant bites you but does no damage.
Jessica casts a spell at you. Pain shoots through your body!
Ouch! That really hurt!
* * * LOW HITPOINT WARNING * * *
You take 6 damage, and have 1/11 hp.
MASSIVE DAMAGE!!
You now have 0/2 mp.
Really quaff
j - a potion of berserk rage {!q}?
A red film seems to cover your vision as you go berserk!
You feel yourself moving faster!
You feel mighty! The worker ant bites you.
You die...

... ..8.###### ...
......___∩## .8.
.8........∩###
..###.............##
#...# #..........⌠#
#.<.# #..........⌠#
###...###..........⌠#
...###..........a..#
.8.# #.8........@###
...###......._@∩##
.........8.######
..........⌠#
.........###
_......._# _........#
........_# ∩.......∩#


You could see a worker ant and Jessica.

Vanquished Creatures
  2 frilled lizards (D)
2 creatures vanquished.

Notes
Turn   | Place    | Note
-------+----------+-------------------------------------------
     0 | D        | esc the Vine Stalker Fighter began the quest for the Orb.
     0 | D        | Reached XP level 1. HP: 11/11 MP: 2/2
     1 | D        | Found a radiant altar of Vehumet.
     1 | D        | Found a blossoming altar of Fedhas.
     2 | D        | Found a shimmering altar of Xom.
     2 | D        | Found a glowing golden altar of the Shining One.
     3 | D        | Found a basalt altar of Yredelemnul.
     3 | D        | Found a hide-covered altar of Uskayaw.
     4 | D        | Found Afericuj's Identification Station.
     4 | D        | Found an opulent altar of Gozag.
     4 | D        | Found an iron altar of Okawaru.
     4 | D        | Found Siud Zafy's Bee Food.
     5 | D        | Round 1.
     6 | D        | Found a viscous altar of Jiyva.
     6 | D        | Found a bloodstained altar of Trog.
     6 | D        | Found Icuagg's Premium Goods.
     6 | D        | Found Guynk's Weapon Rack.
     7 | D        | Found Pethoiw's Miscellaneous Merchandise.
     7 | D        | Found Aphoshrakku's Basic Armour.
    14 | D        | Found a sacrificial altar of Ru.
    18 | D        | Found a corrupted altar of Lugonu.
    18 | D        | Found Ypseufebb's Do-It-Yourself Clinic.
    18 | D        | Found Bauthihe's Bottled Wisdom.
    19 | D        | Found Peohipn's Distillery.
    21 | D        | Found a roughly hewn altar of Beogh.
    21 | D        | Found a stormy altar of Qazlal.
    21 | D        | Found a snail-covered altar of Cheibriados.
    21 | D        | Found Ahiden's Distillery.
    22 | D        | Noticed a worker ant
    25 | D        | Reached skill level 2 in Short Blades
    29 | D        | Noticed Jessica
    33 | D        | HP: 1/11 [Jessica/nerve-wracking pain (6)]
    34 | D        | Slain by a worker ant

Vault maps used:
D:        arena_sprint

Skill      XL: |  1 |
---------------+----+-----
Short Blades   | 2 |  2.0
Fighting       | |  2.7
Armour         | |  2.5
Dodging        | |  0.5
Shields        | |  2.9

Action                   || total
-------------------------++-------
Melee: Rapier            ||    12
       Bite              ||     3
  Use: Potion            ||     1
Armor: Scale mail        ||     5
Dodge: Dodged            ||     3
Block: Shield            ||     4

Vault maps used:
D:        arena_sprint

Table legend:
 A = Turns spent in this place as a percentage of turns spent in the entire game.
 B = Non-inter-level travel turns spent in this place as a percentage of non-inter-level travel turns spent in the entire game.
 C = Inter-level travel turns spent in this place as a percentage of turns spent in this place.
 D = Turns resting spent in this place as a percentage of non-inter-level travel turns spent in this place.
 E = Turns spent auto-exploring this place as a percentage of non-inter-level travel turns spent in this place.
 F = Non-inter-level travel turns spent in this place divided by the number of levels of this place that you've seen.
                   A       B       C       D       E      F
               +-------+-------+-------+-------+-------+----------------------
         Total | 100.0 | 100.0 |   0.0 |   0.0 |   0.0 |  37.0
       Dungeon | 100.0 | 100.0 |   0.0 |   0.0 |   0.0 |  37.0
               +-------+-------+-------+-------+-------+----------------------

Table legend:
 A = Kills in this place as a percentage of kills in entire the game.
 B = Kills by you in this place as a percentage of kills by you in the entire game.
 C = Kills by friends in this place as a percentage of kills by friends in the entire game.
 D = Other kills in this place as a percentage of other kills in the entire game.
 E = Experience gained in this place as a percentage of experience gained in the entire game.
 F = Experience gained in this place divided by the number of levels of this place that you have seen.
                   A       B       C       D       E      F
               +-------+-------+-------+-------+-------+----------------------
         Total | 100.0 | 100.0 |  -nan |  -nan | 100.0 |   2.0
       Dungeon | 100.0 | 100.0 |  -nan |  -nan | 100.0 |   2.0
               +-------+-------+-------+-------+-------+----------------------
